General information
			
			
        
        - name: BNet
 
        - type: Ladder team game (AT/RT)
 
        - host: Battle.net
 
        - saver: bLinn
 
        
map: Monsoon 
        - players: 6
 
        - length: 36:18
 
        - speed: Fast
 - version: 1.22 W3XP
 - replay type:  

 
» download(263 KB)
Players
        team 1 (winner) 
              
              
bLinn (
teal | 100 APM | 3639 actions | 36:18)
              
 8 Warden 
 3 Shadow Strike
 3 Blink
 1 Spirit of Vengeance
 1 Fan of Knives
 
                » actions 
                
                | Assign group hotkey | 158 |  | 
| Basic commands | 18 |  | 
| Build / train | 97 |  | 
| ESC pressed | 7 |  | 
| Enter build submenu | 41 |  | 
| Enter hero's abilities submenu | 8 |  | 
| Give item / drop item | 4 |  | 
| Remove unit from queue | 1 |  | 
| Right click | 2392 |  | 
| Select / deselect | 365 |  | 
| Select group hotkey | 257 |  | 
| Use ability | 289 |  | 
                3639 total
 » units 
                
                | Wisp | 35 |  | 
| Chimaera | 3 |  | 
| Hippogryph | 5 |  | 
| Druid of the Talon | 6 |  | 
                49 total
 » upgrades
                
                | Ultravision | 1 |  | 
| Strength of the Wild | 3 |  | 
| Well Spring | 1 |  | 
| Corrosive Breath | 1 |  | 
| Reinforced Hides | 3 |  | 
| Druid of the Talon Training | 1 |  | 
                10 total
 » buildings
                
                | Altar of Elders | 2 |  | 
| Moon Well | 18 |  | 
| Ancient of Wonders | 1 |  | 
| Tree of Ages | 7 |  | 
| Hunter's Hall | 2 |  | 
| Ancient of Wind | 5 |  | 
| Tree of Eternity | 4 |  | 
| Tree of Life | 6 |  | 
| Chimaera Roost | 2 |  | 
                47 total
 » build order
                00:02 Altar of Elders
00:13 Moon Well
01:36 Moon Well
01:59 Ancient of Wonders
04:03 Tree of Ages
04:04 Tree of Ages
04:04 Tree of Ages
04:47 Hunter's Hall
04:51 Moon Well
05:51 Moon Well
05:52 Moon Well
06:37 Ancient of Wind
06:38 Tree of Eternity
06:38 Tree of Eternity
06:39 Tree of Eternity
07:40 Moon Well
08:35 Tree of Life
09:14 Tree of Life
09:32 Chimaera Roost
09:33 Chimaera Roost
09:57 Moon Well
09:58 Moon Well
09:59 Moon Well
10:00 Moon Well
11:59 Moon Well
12:00 Moon Well
12:01 Moon Well
20:15 Tree of Life
24:25 Ancient of Wind
24:25 Ancient of Wind
26:08 Tree of Life
26:11 Altar of Elders
26:13 Moon Well
26:15 Moon Well
27:04 Moon Well
27:07 Moon Well
27:39 Moon Well
29:04 Tree of Life
29:53 Tree of Ages
29:53 Tree of Ages
30:43 Tree of Life
31:58 Hunter's Hall
32:43 Ancient of Wind
33:18 Ancient of Wind
» items
                
                | Boots of Speed | 1 |  | 
| Staff of Teleportation | 1 |  | 
| Lesser Clarity Potion | 1 |  | 
| Staff of Preservation | 1 |  | 
| Orb of Venom | 1 |  | 
| Moonstone | 1 |  | 
| Scroll of Town Portal | 1 |  | 
                7 total
  
               
              
              
Gobiner (
yellow | 60 APM | 2176 actions | 36:17)
              
 7 Blademaster 
 3 Wind Walk
 3 Critical Strike
 1 Bladestorm
 
                » actions 
                
                | Assign group hotkey | 31 |  | 
| Basic commands | 11 |  | 
| Build / train | 110 |  | 
| ESC pressed | 4 |  | 
| Enter build submenu | 49 |  | 
| Enter hero's abilities submenu | 7 |  | 
| Give item / drop item | 5 |  | 
| Right click | 788 |  | 
| Select / deselect | 335 |  | 
| Select group hotkey | 539 |  | 
| Use ability | 297 |  | 
                2176 total
 » units 
                » upgrades
                
                | Liquid Fire | 1 |  | 
| Reinforced Defenses | 1 |  | 
| Ranged Weapons | 3 |  | 
| Armor | 4 |  | 
| Troll Regeneration | 1 |  | 
| Burning Oil | 1 |  | 
| Spiked Barricades | 3 |  | 
| Berserker Strength | 1 |  | 
| Berserker Upgrade | 1 |  | 
                16 total
 » buildings
                
                | Altar of Storms | 2 |  | 
| Orc Burrow | 10 |  | 
| War Mill | 3 |  | 
| Watch Tower | 30 |  | 
| Voodoo Lounge | 3 |  | 
| Stronghold | 4 |  | 
| Fortress | 4 |  | 
| Beastiary | 8 |  | 
| Great Hall | 1 |  | 
| Barracks | 1 |  | 
                66 total
 » build order
                00:07 Altar of Storms
00:19 Orc Burrow
00:28 War Mill
01:40 Watch Tower
01:52 Voodoo Lounge
02:07 Orc Burrow
02:26 Watch Tower
02:43 Watch Tower
03:33 Voodoo Lounge
03:54 Watch Tower
03:55 Watch Tower
04:32 Stronghold
04:33 Stronghold
04:33 Stronghold
04:52 Orc Burrow
04:53 Orc Burrow
05:16 Watch Tower
05:19 Watch Tower
06:41 Watch Tower
06:43 Watch Tower
06:53 Fortress
06:53 Fortress
06:54 Fortress
06:54 Fortress
07:01 Beastiary
07:07 Beastiary
08:07 Watch Tower
08:08 Watch Tower
08:49 Great Hall
09:25 Watch Tower
09:33 Watch Tower
10:56 Watch Tower
11:16 Watch Tower
12:28 War Mill
12:34 Barracks
14:50 Watch Tower
14:51 Watch Tower
14:52 Watch Tower
14:55 Watch Tower
14:56 Watch Tower
14:57 Watch Tower
17:03 Beastiary
17:04 Beastiary
23:14 Watch Tower
23:16 Watch Tower
23:17 Watch Tower
23:19 Watch Tower
23:20 Watch Tower
23:22 Watch Tower
27:47 Beastiary
29:16 Watch Tower
29:17 Watch Tower
29:19 Watch Tower
31:28 Beastiary
31:29 Beastiary
31:34 Beastiary
31:36 Orc Burrow
31:37 Orc Burrow
31:38 Orc Burrow
31:46 Altar of Storms
31:49 Orc Burrow
32:35 Voodoo Lounge
32:43 War Mill
33:21 Orc Burrow
33:25 Orc Burrow
» items
                
                | Boots of Speed | 1 |  | 
| Staff of Teleportation | 1 |  | 
| Dust of Appearance | 1 |  | 
| Lesser Clarity Potion | 8 |  | 
| Healing Salve | 4 |  | 
| Orb of Lightning | 1 |  | 
| Potion of Lesser Invulnerability | 1 |  | 
| Potion of Healing | 2 |  | 
| Potion of Mana | 1 |  | 
| Scroll of Town Portal | 1 |  | 
                21 total
  
               
              
              
hockeymomPalin (
red | 105 APM | 3810 actions | 36:17)
              
 7 Mountain King 
 3 Storm Bolt
 3 Bash
 1 Avatar
 5 Paladin 
 3 Holy Light
 2 Divine Shield
 
                » actions 
                
                | Assign group hotkey | 46 |  | 
| Basic commands | 40 |  | 
| Build / train | 172 |  | 
| ESC pressed | 13 |  | 
| Enter build submenu | 85 |  | 
| Enter hero's abilities submenu | 14 |  | 
| Give item / drop item | 3 |  | 
| Right click | 1484 |  | 
| Select / deselect | 500 |  | 
| Select group hotkey | 1132 |  | 
| Use ability | 321 |  | 
                3810 total
 » units 
                
                | Peasant | 20 |  | 
| Ogre Magi | 1 |  | 
| Gnoll Warden | 1 |  | 
| Mud Golem | 1 |  | 
| Sorceress | 3 |  | 
| Priest | 4 |  | 
| Dragonhawk Rider | 25 |  | 
| Gryphon Rider | 3 |  | 
                58 total
 » upgrades
                
                | Masonry | 3 |  | 
| Lumber Harvesting | 2 |  | 
| Sorceress Training | 2 |  | 
| Magic Sentry | 1 |  | 
| Animal War Training | 1 |  | 
| Cloud | 1 |  | 
| Armor | 3 |  | 
| Storm Hammers | 1 |  | 
| Priest Training | 2 |  | 
| Swords | 4 |  | 
                20 total
 » buildings
                
                | Altar of Kings | 1 |  | 
| Farm | 15 |  | 
| Lumber Mill | 1 |  | 
| Scout Tower | 75 |  | 
| Arcane Tower | 4 |  | 
| Guard Tower | 39 |  | 
| Arcane Vault | 2 |  | 
| Town Hall | 1 |  | 
| Keep | 1 |  | 
| Arcane Sanctum | 1 |  | 
| Castle | 2 |  | 
| Gryphon Aviary | 3 |  | 
| Barracks | 1 |  | 
| Blacksmith | 1 |  | 
                147 total
 » build order
                00:07 Altar of Kings
00:24 Farm
00:25 Farm
00:48 Lumber Mill
01:08 Farm
01:19 Scout Tower
01:35 Scout Tower
01:46 Scout Tower
01:53 Arcane Tower
02:15 Guard Tower
02:22 Scout Tower
02:23 Scout Tower
02:25 Scout Tower
02:27 Guard Tower
02:33 Scout Tower
02:50 Guard Tower
03:04 Scout Tower
03:18 Guard Tower
03:29 Guard Tower
03:30 Scout Tower
03:31 Scout Tower
03:33 Scout Tower
03:34 Guard Tower
03:36 Scout Tower
03:38 Scout Tower
03:38 Scout Tower
03:40 Scout Tower
03:42 Scout Tower
03:43 Scout Tower
03:55 Farm
04:02 Arcane Vault
04:04 Guard Tower
04:25 Guard Tower
04:49 Guard Tower
04:51 Scout Tower
04:52 Scout Tower
05:17 Scout Tower
05:20 Scout Tower
05:30 Guard Tower
05:30 Guard Tower
05:31 Scout Tower
05:32 Scout Tower
05:37 Guard Tower
06:02 Guard Tower
06:04 Scout Tower
06:05 Scout Tower
06:16 Guard Tower
06:16 Guard Tower
06:20 Scout Tower
07:08 Town Hall
07:36 Keep
08:34 Scout Tower
08:34 Scout Tower
08:35 Scout Tower
08:35 Scout Tower
08:36 Guard Tower
08:37 Guard Tower
08:42 Scout Tower
08:43 Scout Tower
08:43 Scout Tower
08:43 Scout Tower
08:44 Scout Tower
09:25 Guard Tower
09:26 Guard Tower
09:29 Guard Tower
09:33 Scout Tower
09:33 Scout Tower
09:34 Guard Tower
10:16 Guard Tower
10:23 Arcane Sanctum
11:09 Castle
11:09 Castle
11:11 Scout Tower
11:11 Scout Tower
11:12 Scout Tower
12:03 Arcane Tower
12:08 Arcane Vault
12:55 Arcane Tower
12:59 Scout Tower
12:59 Scout Tower
13:31 Guard Tower
13:33 Gryphon Aviary
13:34 Barracks
13:36 Blacksmith
14:01 Guard Tower
14:01 Guard Tower
14:27 Scout Tower
14:28 Scout Tower
14:28 Scout Tower
14:29 Scout Tower
14:29 Scout Tower
14:31 Scout Tower
15:27 Farm
15:28 Farm
15:37 Scout Tower
15:37 Scout Tower
15:38 Scout Tower
15:39 Scout Tower
15:39 Scout Tower
15:39 Scout Tower
18:27 Guard Tower
18:27 Guard Tower
21:04 Scout Tower
21:05 Scout Tower
21:05 Scout Tower
21:06 Scout Tower
21:07 Scout Tower
21:07 Scout Tower
21:10 Scout Tower
21:10 Scout Tower
21:10 Scout Tower
21:39 Guard Tower
24:43 Scout Tower
24:44 Scout Tower
24:45 Scout Tower
24:46 Scout Tower
24:48 Scout Tower
24:48 Scout Tower
24:51 Scout Tower
24:52 Scout Tower
24:53 Scout Tower
24:53 Scout Tower
24:54 Scout Tower
25:52 Guard Tower
28:00 Guard Tower
28:00 Guard Tower
31:13 Farm
31:13 Farm
31:14 Farm
31:15 Farm
31:16 Farm
31:34 Gryphon Aviary
31:36 Gryphon Aviary
32:42 Farm
32:42 Farm
32:46 Farm
» items
                
                | Boots of Speed | 2 |  | 
| Staff of Teleportation | 2 |  | 
| Lesser Clarity Potion | 7 |  | 
| Healing Salve | 1 |  | 
| Potion of Healing | 3 |  | 
| Potion of Lesser Invulnerability | 1 |  | 
| Staff of Sanctuary | 2 |  | 
| Orb of Venom | 1 |  | 
| Anti-magic Potion | 1 |  | 
| Orb of Lightning | 1 |  | 
| Scroll of Speed | 1 |  | 
| Potion of Mana | 3 |  | 
| Scroll of Town Portal | 1 |  | 
                26 total
  
               team 2 (loser) 
              
              
» 
Gros-kiwi (
pink | 67 APM | 2432 actions | 36:07)
              
 6 Priestess of the Moon 
 3 Trueshot Aura
 1 Scout
 1 Searing Arrows
 1 Starfall
 
                » actions 
                
                | Assign group hotkey | 19 |  | 
| Basic commands | 511 |  | 
| Build / train | 58 |  | 
| ESC pressed | 12 |  | 
| Enter build submenu | 24 |  | 
| Enter hero's abilities submenu | 7 |  | 
| Give item / drop item | 2 |  | 
| Right click | 858 |  | 
| Select / deselect | 448 |  | 
| Select group hotkey | 391 |  | 
| Use ability | 102 |  | 
                2432 total
 » units 
                » upgrades
                
                | Strength of the Wild | 3 |  | 
| Corrosive Breath | 1 |  | 
                4 total
 » buildings
                
                | Altar of Elders | 1 |  | 
| Moon Well | 7 |  | 
| Hunter's Hall | 1 |  | 
| Ancient of War | 1 |  | 
| Tree of Ages | 2 |  | 
| Tree of Eternity | 1 |  | 
| Ancient of Wind | 1 |  | 
| Chimaera Roost | 2 |  | 
| Tree of Life | 9 |  | 
                25 total
 » build order
                00:08 Altar of Elders
00:10 Moon Well
01:57 Hunter's Hall
02:00 Ancient of War
02:08 Moon Well
02:40 Tree of Ages
05:20 Tree of Eternity
05:23 Ancient of Wind
05:32 Moon Well
06:41 Moon Well
07:42 Chimaera Roost
07:45 Chimaera Roost
10:12 Moon Well
10:14 Moon Well
12:00 Moon Well
14:20 Tree of Life
14:28 Tree of Life
14:36 Tree of Life
14:43 Tree of Life
14:47 Tree of Life
14:50 Tree of Life
15:10 Tree of Life
17:35 Tree of Life
22:24 Tree of Ages
25:56 Tree of Life
» items
                
                | Scroll of Town Portal | 1 |  | 
| Scroll of Healing | 2 |  | 
| Scroll of Protection | 2 |  | 
                5 total
  
               
              
              
» 
peon_hero (
blue | 65 APM | 2333 actions | 36:04)
              
 7 Archmage 
 3 Summon Water Elemental
 1 Brilliance Aura
 2 Blizzard
 1 Mass Teleport
 3 Mountain King 
 2 Storm Bolt
 1 Thunder Clap
 
                » actions 
                
                | Assign group hotkey | 60 |  | 
| Basic commands | 93 |  | 
| Build / train | 88 |  | 
| ESC pressed | 1 |  | 
| Enter build submenu | 37 |  | 
| Enter hero's abilities submenu | 10 |  | 
| Give item / drop item | 1 |  | 
| Right click | 942 |  | 
| Select / deselect | 593 |  | 
| Select group hotkey | 346 |  | 
| Use ability | 162 |  | 
                2333 total
 » units 
                
                | Peasant | 29 |  | 
| Footman | 3 |  | 
| Rifleman | 6 |  | 
| Dragonhawk Rider | 19 |  | 
| Gryphon Rider | 1 |  | 
                58 total
 » upgrades
                » buildings
                
                | Altar of Kings | 1 |  | 
| Barracks | 2 |  | 
| Farm | 10 |  | 
| Blacksmith | 1 |  | 
| Arcane Vault | 1 |  | 
| Scout Tower | 10 |  | 
| Arcane Tower | 1 |  | 
| Lumber Mill | 2 |  | 
| Town Hall | 4 |  | 
| Guard Tower | 4 |  | 
| Keep | 1 |  | 
| Castle | 1 |  | 
| Gryphon Aviary | 3 |  | 
                41 total
 » build order
                00:08 Altar of Kings
00:13 Barracks
00:24 Farm
01:03 Farm
01:49 Blacksmith
01:56 Farm
02:41 Arcane Vault
02:42 Farm
03:25 Scout Tower
03:53 Arcane Tower
03:59 Lumber Mill
04:05 Lumber Mill
04:11 Barracks
04:45 Farm
05:18 Scout Tower
05:19 Scout Tower
06:04 Town Hall
06:20 Guard Tower
07:20 Keep
10:01 Castle
10:02 Gryphon Aviary
10:55 Gryphon Aviary
12:15 Farm
12:16 Farm
12:17 Farm
12:29 Gryphon Aviary
12:34 Farm
12:36 Farm
14:46 Scout Tower
14:47 Scout Tower
14:49 Scout Tower
14:51 Scout Tower
15:34 Guard Tower
15:38 Town Hall
16:38 Guard Tower
17:44 Scout Tower
17:46 Scout Tower
17:47 Scout Tower
19:17 Guard Tower
25:46 Town Hall
30:47 Town Hall
» items
                
                | Scroll of Regeneration | 3 |  | 
| Lesser Clarity Potion | 1 |  | 
| Scroll of Town Portal | 3 |  | 
| Potion of Healing | 1 |  | 
                8 total
  
               
              
              
Quake- (
green | 61 APM | 2204 actions | 36:16)
              
 6 Death Knight 
 3 Death Coil
 2 Unholy Aura
 1 Animate Dead
 5 Lich 
 3 Frost Nova
 2 Dark Ritual
 
                » actions 
                
                | Assign group hotkey | 39 |  | 
| Basic commands | 57 |  | 
| Build / train | 82 |  | 
| ESC pressed | 6 |  | 
| Enter build submenu | 25 |  | 
| Enter hero's abilities submenu | 11 |  | 
| Give item / drop item | 1 |  | 
| Remove unit from queue | 1 |  | 
| Right click | 738 |  | 
| Select / deselect | 616 |  | 
| Select group hotkey | 532 |  | 
| Use ability | 96 |  | 
                2204 total
 » units 
                
                | Acolyte | 21 |  | 
| Ghoul | 3 |  | 
| Crypt Fiend | 12 |  | 
| Obsidian Statue | 3 |  | 
| Meatwagon | 3 |  | 
| Frost Wyrm | 9 |  | 
                51 total
 » upgrades
                
                | Creature Attack | 2 |  | 
| Creature Carapace | 2 |  | 
| Web | 1 |  | 
| Destroyer Form | 1 |  | 
| Exhume Corpses | 1 |  | 
| Freezing Breath | 1 |  | 
                8 total
 » buildings
                
                | Altar of Darkness | 1 |  | 
| Ziggurat | 14 |  | 
| Crypt | 1 |  | 
| Graveyard | 1 |  | 
| Tomb of Relics | 1 |  | 
| Nerubian Tower | 2 |  | 
| Halls of the Dead | 1 |  | 
| Black Citadel | 1 |  | 
| Slaughterhouse | 2 |  | 
| Sacrificial Pit | 1 |  | 
| Boneyard | 2 |  | 
| Spirit Tower | 2 |  | 
                29 total
 » build order
                00:06 Altar of Darkness
00:08 Ziggurat
00:34 Crypt
00:58 Graveyard
01:11 Tomb of Relics
01:27 Ziggurat
01:37 Nerubian Tower
03:06 Ziggurat
04:43 Halls of the Dead
06:09 Ziggurat
07:20 Black Citadel
07:44 Slaughterhouse
07:44 Slaughterhouse
08:09 Ziggurat
10:35 Ziggurat
13:39 Ziggurat
15:03 Ziggurat
19:10 Sacrificial Pit
20:32 Boneyard
20:34 Boneyard
23:21 Ziggurat
32:38 Ziggurat
32:39 Ziggurat
32:40 Ziggurat
32:42 Ziggurat
32:52 Ziggurat
33:32 Spirit Tower
33:33 Spirit Tower
34:05 Nerubian Tower
» items
                
                | Rod of Necromancy | 1 |  | 
| Potion of Healing | 1 |  | 
| Scroll of Town Portal | 1 |  | 
                3 total
  
                Chat log
          
(01:12 / All) hockeymomPalin: yo
(01:13 / All) hockeymomPalin: gl n hF
(01:16 / All) Gobiner: eta
(01:20 / All) bLinn: everybody just have a good game y'all hear ?:)
(10:46 / Allies) hockeymomPalin: hurf durf
(10:58 / Allies) hockeymomPalin: gold me so i can get bats*
(11:03 / Allies) hockeymomPalin: *revive my hero since i suicide it
(15:14 / All) hockeymomPalin: lol blue
(15:15 / All) hockeymomPalin: mass tower
(15:17 / All) hockeymomPalin: NOOB STRAT
(15:23 / All) Quake-: rodl
(18:03 / All) hockeymomPalin: c ya
(19:19 / Allies) hockeymomPalin: fuk
(20:23 / Allies) hockeymomPalin: cooldonw
(20:29 / Allies) hockeymomPalin: f u
(21:32 / All) hockeymomPalin: lol
(21:34 / All) hockeymomPalin: no aco
(21:35 / All) hockeymomPalin: no wisp
(21:36 / All) hockeymomPalin: gg noobs
(21:47 / All) Quake-: gg
(22:04 / All) Gobiner: sweet detonate
(22:13 / All) Gros-kiwi: thx
(23:50 / Allies) hockeymomPalin: tt
(24:10 / Allies) hockeymomPalin: ow
(33:02 / All) Gobiner: im out
(33:03 / All) Gobiner: peaced
(33:06 / All) Gros-kiwi: Noob
(33:11 / All) hockeymomPalin: manner please
(34:31 / All) Quake-: u guys r gay
(35:13 / All) hockeymomPalin: noob.
(35:50 / All) hockeymomPalin: noob
(36:07 / All) bLinn: G_G
(36:12 / All) hockeymomPalin: thanks for gg